 Dungeon Crawl Stone Soup version 0.30-a0-748-ge6a52f7cba (webtiles) character file.

Game seed: 13142518543954665132

194 hikkokomori the Magician (level 5, 0/28 HPs)
             Began as a Deep Elf Hedge Wizard on Feb 9, 2023.
             Slain by Eustachio
             ... wielding a +0 rapier
              (5 damage)
             ... on level 4 of the Dungeon.
             The game lasted 00:07:02 (3593 turns).

hikkokomori the Magician (Deep Elf Hedge Wizard)    Turns: 3593, Time: 00:07:02

Health: 0/28       AC:  2    Str:  7    XL:     5   Next: 44%
Magic:  9/13       EV: 12    Int: 19    God:
Gold:   179        SH:  0    Dex: 16    Spells: 4/13 levels left

rFire   . . .      SeeInvis .    u - +2 dagger (drain)
rCold   . . .      Faith    .    (no shield)
rNeg    . . .      Spirit   .    b - +0 robe
rPois   .          Reflect  .    c - +0 hat
rElec   .          Harm     .    (no cloak)
rCorr   .          Rampage  .    (no gloves)
Will    .....                    (no boots)
Stlth   ++                       (no amulet)
HPRegen 0.24/turn                (no ring)
MPRegen 0.13/turn                (no ring)

@: no status effects
A: no striking features
a: no special abilities


You were on level 4 of the Dungeon.
You visited 1 branch of the dungeon, and saw 4 of its levels.

You collected 199 gold pieces.
You spent 20 gold pieces at shops.

Inventory:

Hand Weapons
 a - a +0 dagger
 q - a +0 arbalest
 t - a +1 short sword of venom
 u - a +2 dagger of draining (weapon)
Armour
 b - a +0 robe (worn)
 c - a +0 hat (worn)
Scrolls
 e - a scroll of amnesia {unknown}
 g - 2 scrolls of vulnerability {unknown}
 j - a scroll of poison {unknown}
 m - 2 scrolls of teleportation {unknown}
 o - 5 scrolls of identify {unknown}
 p - a scroll of enchant armour {unknown}
 s - a scroll of immolation {unknown}
 w - a scroll of blinking {unknown}
Potions
 d - 3 potions of magic
 f - a potion of flight {unknown}
 h - 3 potions of attraction {unknown}
 i - a potion of heal wounds {unknown}
 k - a potion of invisibility {unknown}
 l - a potion of lignification {unknown}
 n - 2 potions of resistance {unknown}
 r - a potion of berserk rage {unknown}
 v - a potion of haste {unknown}


   Skills:
 + Level 0.9 Fighting
 + Level 1.4 Ranged Weapons
 - Level 2.5 Dodging
 + Level 3.1 Stealth
 - Level 4.5 Spellcasting
 + Level 3.1 Conjurations
 - Level 2.6 Summonings
 - Level 2.6 Translocations
 + Level 1.0 Air Magic
 + Level 0.9 Poison Magic


You had 4 spell levels left.
You knew the following spells:

 Your Spells              Type           Power      Damage    Failure   Level
a - Magic Dart            Conj           64%        1d6       3%          1
b - Call Imp              Summ           14%        N/A       7%          2
c - Blink                 Tloc           28%        N/A       7%          2
d - Slow                  Hex            16%        N/A       13%         1
e - Mephitic Cloud        Conj/Pois/Air  10%        N/A       21%         3

Your spell library contained the following spells:

 Spells                   Type           Power      Damage    Failure   Level
 Momentum Strike          Conj/Tloc      30%        3d8       6%          2
 Lesser Beckoning         Tloc           28%        N/A       7%          2
 Cigotuvi's Dreadful Rot  Necr/Pois/Air  12%        N/A       16%         2


Dungeon Overview and Level Annotations

Branches:
Dungeon (4/15)             Temple (0/1) D:4

Altars:
Yredelemnul
The Shining One

Shops:
D:1 *

Annotations:
D:4 Eustachio


Message History

Confirm with . or Enter, or press ? or * to list all spells.
Aiming: Magic Dart (safe; 3% risk of failure)
Press: ? - help, Shift-Dir - straight line, f/p - Eustachio
Aim: Eustachio, wielding a +0 rapier and wearing a +0 leather armour (lightly wounded, 100% to hit)
The magic dart hits Eustachio but does no damage.
Eustachio is lightly wounded.
Casting: Magic Dart (safe; 3% risk of failure)
Confirm with . or Enter, or press ? or * to list all spells.
Aiming: Magic Dart (safe; 3% risk of failure)
Press: ? - help, Shift-Dir - straight line, f/p - Eustachio
Aim: Eustachio, wielding a +0 rapier and wearing a +0 leather armour (lightly wounded, 100% to hit)
The magic dart hits Eustachio but does no damage.
Eustachio is lightly wounded.
Casting: Magic Dart (safe; 3% risk of failure)
Confirm with . or Enter, or press ? or * to list all spells.
Aiming: Magic Dart (safe; 3% risk of failure)
Press: ? - help, Shift-Dir - straight line, f/p - Eustachio
Aim: Eustachio, wielding a +0 rapier and wearing a +0 leather armour (lightly wounded, 100% to hit)
The magic dart hits Eustachio.
Eustachio is lightly wounded.
Eustachio closely misses you.
Casting: Magic Dart (safe; 3% risk of failure)
Confirm with . or Enter, or press ? or * to list all spells.
Aiming: Magic Dart (safe; 3% risk of failure)
Press: ? - help, Shift-Dir - straight line, f/p - Eustachio
Aim: Eustachio, wielding a +0 rapier and wearing a +0 leather armour (lightly wounded, 100% to hit)
The magic dart hits Eustachio but does no damage.
Eustachio is lightly wounded.
Eustachio hits you with a +0 rapier.
You sense an unholy aura.
u - a +2 dagger of draining (weapon)
You hit Eustachio but do no damage.
Eustachio is lightly wounded.
Eustachio hits you with a +0 rapier.
* * * LOW HITPOINT WARNING * * *
You hit Eustachio. You drain Eustachio.
Eustachio is moderately wounded.
Eustachio calls on the powers of shadow!
Eustachio hits you with a +0 rapier.
You die...

##### #...# #.... #...#
#...# #.... .#### #...#
#...# #....
......#...####...###....
......+...........#.....
......#...........#)####
#.............###.#.# #
#....@..)...# #.#.# #
...#..@##....# #.#.# #
#..!.#.#).#...# #.#.# #
#.#. #....#.#.# #.#.####
#....#..#...#.#...##
..>.............)...
#....##..).#.#.###.##
....# .#.###.#.# .#
#..#. # #.#. .# #...#.##


You could see Eustachio (drained).

Vanquished Creatures
  2 orc wizards (D:3)
  3 adders (D:2)
  A white imp (D:3)
  3 dart slugs
  A worm (D:2)
  10 orcs
  8 ball pythons
  6 endoplasms
  13 giant cockroaches
  8 goblins
  5 hobgoblins
  4 quokkas
  9 bats
  4 frilled lizards
  6 kobolds
  4 rats
87 creatures vanquished.

Notes
Turn   | Place    | Note
-------+----------+-------------------------------------------
     0 | D:1      | hikkokomori the Deep Elf Hedge Wizard began the quest for
                  | the Orb.
     0 | D:1      | Reached XP level 1. HP: 10/10 MP: 7/7
   116 | D:1      | Reached XP level 2. HP: 15/15 MP: 5/9
   142 | D:1      | Learned a level 2 spell: Call Imp
   145 | D:1      | Learned a level 2 spell: Blink
   147 | D:1      | Learned a level 1 spell: Slow
   310 | D:1      | Found Lushoof's Assorted Antiques.
   320 | D:1      | Bought a smoky coppery potion for 20 gold pieces
   645 | D:1      | Reached XP level 3. HP: 19/19 MP: 11/11
  1632 | D:2      | Reached XP level 4. HP: 24/24 MP: 9/12
  2472 | D:3      | Found a basalt altar of Yredelemnul.
  2577 | D:3      | Learned a level 3 spell: Mephitic Cloud
  2577 | D:3      | Noticed a water moccasin
  2677 | D:3      | Found a glowing golden altar of the Shining One.
  3175 | D:3      | Reached skill level 1 in Ranged Weapons
  3175 | D:3      | Reached XP level 5. HP: 28/28 MP: 13/13
  3572 | D:4      | Found a staircase to the Ecumenical Temple.
  3580 | D:4      | Noticed Eustachio
  3583 | D:4      | Reached skill level 1 in Air Magic
  3593 | D:4      | Slain by Eustachio

Illustrated notes

Levels and vault maps discovered:
D:1:      dpeg_arrival_pits, layout_rooms, serial_shops, shop,
          minmay_misc_feat_encased, hangedman_decor_clover_reticule
D:2:      minmay_roachtagon, layout_basic
D:3:      layout_basic, mainiacjoe_overflow_tiny_flanked,
          mainiacjoe_overflow_brackets, minmay_stone_trees_small
D:4:      layout_basic, trog_hazing_becter, xom_confusion_cloud,
          nemelex_diamond_rough_becter, mainiacjoe_overflow_catwalk,
          minmay_temple_entry_mini_moons, kennysheep_generic_room_3,
          uniq_eustachio

Skill      XL: |  1  2  3  4  5 |
---------------+----------------+-----
Conjurations   | 2 3 |  3.1
Translocations | 2 |  2.6
Summonings     | 2 |  2.6
Ranged Weapons | 1 |  1.4
Stealth        | 3 |  3.1
Air Magic      | 1 |  1.0
Fighting       | |  0.9
Dodging        | |  2.5
Spellcasting   | |  4.5
Poison Magic   | |  0.9

Action                     |  1- 3 |  4- 6 || total
---------------------------+-------+-------++-------
  Melee: Dagger            |    61 |     2 ||    63
         Punch             |     1 |       ||     1
   Fire: Arbalest          |       |    62 ||    62
   Cast: Magic Dart        |    81 |    73 ||   154
         Call Imp          |       |     2 ||     2
   Stab: Sleeping          |     4 |       ||     4
 Armour: Robe              |    33 |     2 ||    35
  Dodge: Dodged            |    66 |    23 ||    89

Table legend: (Time is in decaauts)
 A = Elapsed time spent in this place.
 B = Non-inter-level travel time spent in this place.
 C = Inter-level travel time spent in this place.
 D = Time resting spent in this place.
 E = Time spent auto-exploring this place.
 F = Levels seen in this place.
 G = Mean time per level.
                   A        B        C        D        E       F      G
               +--------+--------+--------+--------+--------+-----+--------+
         Total |   3645 |   3580 |     65 |    184 |   2849 |   4 |  911.2 |
       Dungeon |   3645 |   3580 |     65 |    184 |   2849 |   4 |  911.2 |
               +--------+--------+--------+--------+--------+-----+--------+

Top non-repeatable levels by time:
     D:2: 1701 daAuts
     D:3: 1028 daAuts
     D:1: 770 daAuts
     D:4: 144 daAuts
